 Dungeon Crawl Stone Soup version 0.21.1-1-g345015fe64 (webtiles) character file.

25153 Peloso the Carver (level 12, -1/110 HPs)
             Began as a Minotaur Fighter on June 16, 2018.
             Was a High Priest of Okawaru.
             Killed from afar by a manticore (11 damage)
             ... with a volley of spikes
             ... on level 12 of the Dungeon.
             The game lasted 00:41:17 (12746 turns).

Peloso the Carver (Minotaur Fighter)               Turns: 12746, Time: 00:41:18

Health: -1/110     AC: 22    Str: 24    XL:     12   Next: 87%
Magic:  12/12      EV:  9    Int:  9    God:    Okawaru [*****.]
Gold:   1139       SH: 13    Dex: 12    Spells: 11/11 levels left

rFire    . . .     SeeInvis .   a - +3 long sword (venom)
rCold    . . .     Gourm    .   c - +0 shield {rPois}
rNeg     . . .     Faith    .   p - +0 plate armour
rPois    +         Spirit   .   j - +2 hat
rElec    .         Reflect  .   l - +0 cloak
rCorr    +         Harm     .   C - +0 pair of gloves
MR       .....                  x - +1 pair of boots
Stlth    ..........             (no amulet)
HPRegen  0.28/turn              m - ring of resist corrosion
MPRegen  0.13/turn              R - +4 ring of intelligence

@: barbed spikes, very slightly contaminated
A: retaliatory headbutt, horns 2
a: Heroism, Finesse, Renounce Religion


You were on level 12 of the Dungeon.
You worshipped Okawaru.
Okawaru was extremely pleased with you.
You were hungry.

You visited 1 branch of the dungeon, and saw 12 of its levels.
You also visited: Bailey and Ice Cave.

You collected 1265 gold pieces.
You spent 126 gold pieces at shops.

Inventory:

Hand Weapons
 a - a +3 long sword of venom (weapon)
 r - a +2 long sword of holy wrath
 B - the +5 short sword "Ephu" {holy, rF+}
   (You found it on level 10 of the Dungeon)

   It has been blessed by the Shining One to cause great damage to the undead
   and demons.
   It protects you from fire.
 F - the +4 halberd "Leviticus" {chop, rElec}
   (You found it on level 9 of the Dungeon)

   It inflicts extra damage upon your enemies.
   It insulates you from electricity.
Missiles
 t - 85 bolts
 L - 40 tomahawks of returning (quivered)
Armour
 c - a +0 shield of poison resistance (worn)
 j - a +2 hat (worn)
 l - a +0 cloak (worn)
 p - a +0 plate armour (worn)
 x - a +1 pair of boots (worn)
 C - a +0 pair of gloves (worn)
Jewellery
 m - a ring of resist corrosion (left hand)
 R - a +4 ring of intelligence (right hand)
Wands
 v - a wand of clouds (8)
 w - a wand of acid (14)
 y - a wand of iceblast (18)
 D - a wand of polymorph (28)
 G - a wand of flame (38)
 K - a wand of disintegration (8)
 Q - a wand of paralysis (7)
Scrolls
 d - 4 scrolls of fear
 e - 3 scrolls of teleportation
 k - a scroll of blinking
 o - 6 scrolls of remove curse
 M - 3 scrolls of identify
 O - a scroll of fog
 P - a scroll of enchant weapon
Potions
 g - 3 potions of agility
 h - a potion of flight
 i - a potion of might
 n - a potion of curing
 q - 2 potions of berserk rage
 s - a potion of resistance {unknown}
 u - a potion of degeneration {unknown}
 A - a potion of magic {unknown}
 H - a potion of brilliance {unknown}
 I - a potion of haste {unknown}
 N - a potion of ambrosia {unknown}
Books
 b - a book of Changes

   Spells                             Type                      Level
   a - Beastly Appendage              Transmutation                1
   b - Sticks to Snakes               Transmutation                2
   c - Spider Form                    Transmutation/Poison         3
   d - Ice Form                       Ice/Transmutation            4
   e - Blade Hands                    Transmutation                5
 z - the Catalogue of Attacks
   (You found it on level 5 of the Dungeon)

   Spells                             Type                      Level
   a - Fireball                       Conjuration/Fire             5
   b - Spellforged Servitor           Conjuration/Summoning        7
 E - a book of Battle

   Spells                             Type                      Level
   a - Infusion                       Charms                       1
   b - Shroud of Golubria             Charms/Translocation         2
   c - Song of Slaying                Charms                       2
   d - Spectral Weapon                Hexes/Charms                 3
   e - Regeneration                   Charms/Necromancy            3
 J - a book of Misfortune

   Spells                             Type                      Level
   a - Confusing Touch                Hexes                        1
   b - Confuse                        Hexes                        3
   c - Gell's Gravitas                Translocation                3
   d - Petrify                        Transmutation/Earth          4
   e - Metabolic Englaciation         Hexes/Ice                    5
   f - Yara's Violent Unravelling     Hexes/Transmutation          5
Miscellaneous
 T - a phial of floods
Comestibles
 f - 25 rations


   Skills:
 + Level 11.3 Fighting
 + Level 14.6 Long Blades
 + Level 1.0 Throwing
 + Level 11.1 Armour
 + Level 4.2 Dodging
 + Level 1.5 Stealth
 + Level 13.7 Shields
 + Level 1.8 Invocations
 + Level 1.5 Evocations


You had 11 spell levels left.
You didn't know any spells.

Dungeon Overview and Level Annotations

Branches:
Dungeon (12/15)            Temple (0/1) D:7            Lair (0/6) D:10
    Orc: D:9-12

Altars:
Ashenzari
Cheibriados
Gozag
Kikubaaqudgha
Makhleb
Okawaru
Sif Muna
Xom

Shops:
D:6 *   D:7 [   D:8 =   D:11 [


Innate Abilities, Weirdness & Mutations

You reflexively headbutt those who attack you in melee.
You have a pair of horns on your head.


Message History

As you read the scroll of blinking, it crumbles to dust.
There is an open door here.
Okawaru is honoured by your kill.
You feel a bit more experienced.
You are feeling hungry.
There is an open door, spattered with blood here.
Things that are here:
a giant club; a dire flail of pain; a chain mail A manticore comes into view.
All of the chunks of flesh in your inventory have rotted away.
A killer bee comes into view.
The killer bee buzzes angrily.
Found a shiny tourmaline ring.
You hit the killer bee but do no damage.
The killer bee is poisoned.
Your headbutt misses the killer bee. You block the killer bee's attack.
The manticore flicks its tail.
The volley of spikes hits you!
The barbed spikes become lodged in your body.
You die...

=..... .... .... ...
..# #.# #y# ≈♣ #@#
♣.≈≈≈# #.# .....≈.#
#.# ..♣.♣.≈≈## ##.#
..♣..♣≈≈## #..#
♣♣..♣.♣≈≈# #H##
#....♣..♣. #.#
#...♣..♣♣♣ #.#
#####♣♣........
####.###...♣♣.♣...♣.♣.


You could see a manticore and a killer bee.

Vanquished Creatures
  A fire giant (D:12)
  An ice dragon (D:11)
  A centaur warrior (D:12)
  3 two-headed ogres
  A death knight (D:9)
  A tengu warrior (D:12)
  A skeletal warrior (D:9)
  A phantasmal warrior (D:9)
  4 ugly things
  A cyclops (D:11)
  3 ice statues (IceCv)
  2 gargoyles
  3 centaur skeletons
  A kobold demonologist (D:12)
  A freezing wraith (D:9)
  A rime drake (D:11)
  A hornet (D:11)
  A polar bear (D:11)
  3 trolls
  A hippogriff (D:7)
  The ghost of Henning the Ruffian, an amateur TrAK of Lugonu (D:3)
  A spriggan (D:11)
  2 wraiths
  5 yaks (D:11)
  A wyvern (D:11)
  2 hungry ghosts
  The ghost of Sapher the Grave Robber, an amateur GnNe (D:6)
  A water moccasin (D:8)
  2 porcupines (D:10)
  13 orc warriors
  2 phantoms
  7 ice beasts
  2 necrophages
  10 ogres
  2 wolves (D:11)
  5 centaurs
  2 crocodiles
  2 big kobolds
  6 bullfrogs
  2 wyvern skeletons
  5 scorpions
  52 killer bees
  18 wights
  3 howler monkeys
  4 crimson imps
  5 bullfrog zombies
  3 centaur zombies (D:12)
  2 jellies
  10 orc priests
  5 hounds
  9 orc wizards
  A gnoll shaman (D:10)
  6 iguanas
  10 worker ants
  A hound skeleton (D:6)
  3 worker ant zombies
  A howler monkey zombie (D:5)
  10 gnolls
  A howler monkey skeleton (D:7)
  9 adders
  9 shadow imps
  2 oozes
  3 adder skeletons
  An adder zombie (D:7)
  3 worms
  2 dart slugs
  3 leopard geckos
  55 orcs
  5 giant cockroaches
  13 goblins
  11 hobgoblins
  4 jackals
  3 quokkas
  2 ball pythons
  10 bats
  4 frilled lizards
  31 kobolds
  3 rats
423 creatures vanquished.

Notes
Turn   | Place    | Note
-------+----------+-------------------------------------------
     0 | D:1      | Peloso the Minotaur Fighter began the quest for the Orb.
     0 | D:1      | Reached XP level 1. HP: 19/19 MP: 0/0
    58 | D:1      | Reached XP level 2. HP: 27/27 MP: 1/1
   718 | D:2      | Reached XP level 3. HP: 33/33 MP: 2/2
  1012 | D:2      | Reached skill level 3 in Long Blades
  1025 | D:2      | Found a shimmering altar of Xom.
  1290 | D:2      | Reached XP level 4. HP: 40/40 MP: 3/3
  1347 | D:3      | Noticed Henning's ghost (amateur TrAK)
  1647 | D:3      | Killed Henning's ghost
  1647 | D:3      | Reached skill level 4 in Long Blades
  1647 | D:3      | Reached skill level 5 in Shields
  1647 | D:3      | Reached XP level 5. HP: 46/47 MP: 4/4
  1662 | D:3      | Reached skill level 5 in Armour
  1687 | D:3      | Reached XP level 6. HP: 38/53 MP: 5/5
  2046 | D:3      | Found an ancient bone altar of Kikubaaqudgha.
  2140 | D:3      | Found a deep blue altar of Sif Muna.
  2209 | D:4      | Reached skill level 1 in Dodging
  2217 | D:4      | Reached skill level 5 in Long Blades
  2426 | D:4      | Reached XP level 7. HP: 39/60 MP: 6/6
  2640 | D:4      | Reached skill level 5 in Fighting
  2640 | D:4      | Reached skill level 6 in Long Blades
  2825 | D:4      | Found a shattered altar of Ashenzari.
  3268 | D:4      | Reached skill level 7 in Long Blades
  3485 | D:4      | Found an iron altar of Okawaru.
  3485 | D:4      | Found a burning altar of Makhleb.
  3493 | D:4      | Became a worshipper of Warmaster Okawaru
  3657 | D:5      | Entered Level 5 of the Dungeon
  3687 | D:5      | Reached XP level 8. HP: 63/69 MP: 7/7
  3795 | D:5      | Reached skill level 8 in Long Blades
  3802 | D:5      | Reached * piety under Okawaru
  3806 | D:5      | Reached skill level 1 in Stealth
  4034 | D:5      | Found a snail-covered altar of Cheibriados.
  4065 | D:5      | Identified the Catalogue of Attacks
  4314 | D:6      | Noticed Sapher's ghost (amateur GnNe)
  4715 | D:6      | Killed Sapher's ghost
  5053 | D:6      | Found Puugge Xazi's General Store.
  5071 | D:6      | Bought a scroll of blinking for 82 gold pieces
  5071 | D:6      | Bought 2 scrolls of identify for 44 gold pieces
  5174 | D:6      | Found an opulent altar of Gozag.
  5199 | D:6      | Reached skill level 9 in Long Blades
  5199 | D:6      | Reached XP level 9. HP: 75/78 MP: 6/8
  5223 | D:6      | Reached ** piety under Okawaru
  6088 | D:7      | Found Nustunk's Armour Shoppe.
  6165 | D:7      | Reached skill level 10 in Long Blades
  6510 | D:7      | Found a staircase to the Ecumenical Temple.
  6781 | D:8      | Found Punlaluz's Jewellery Shop.
  6842 | D:8      | Reached *** piety under Okawaru
  7098 | D:8      | Reached XP level 10. HP: 86/86 MP: 9/9
  7317 | D:8      | Reached skill level 11 in Long Blades
  7634 | D:9      | HP: 2/86 [wyvern skeleton (10)]
  7657 | D:9      | Noticed a purple ugly thing
  7682 | D:9      | Killed a purple ugly thing
  7762 | D:9      | Noticed a death knight
  7765 | D:9      | Noticed a skeletal warrior
  7767 | D:9      | Noticed a phantasmal warrior
  7794 | D:9      | Noticed a two-headed ogre
  7815 | D:9      | Killed a two-headed ogre
  7815 | D:9      | Reached **** piety under Okawaru
  7911 | D:9      | Got a dazzling halberd
  8090 | D:9      | Killed a death knight
  8090 | D:9      | Reached ***** piety under Okawaru
  8090 | D:9      | Reached skill level 12 in Long Blades
  8090 | D:9      | Reached skill level 10 in Shields
  8107 | D:9      | Reached skill level 1 in Evocations
  8149 | D:9      | Killed a skeletal warrior
  8165 | D:9      | Noticed a two-headed ogre
  8172 | D:9      | Killed a two-headed ogre
  8172 | D:9      | Received a gift from Okawaru
  8172 | D:9      | Reached skill level 1 in Invocations
  8172 | D:9      | Reached XP level 11. HP: 33/95 MP: 7/11
  8212 | D:9      | Killed a phantasmal warrior
  8240 | D:9      | Found a flagged portal.
  8247 | D:9      | Received a gift from Okawaru
  8255 | Bailey   | Entered a bailey
  8680 | Bailey   | Identified the +4 halberd "Leviticus" {chop, rElec} (You found it on level 9 of the Dungeon)
  9074 | D:9      | Reached skill level 10 in Armour
  9179 | D:10     | Entered Level 10 of the Dungeon
  9333 | D:10     | Reached skill level 1 in Throwing
  9584 | D:10     | Got a crystal short sword
  9585 | D:10     | Identified the +5 short sword "Ephu" {holy, rF+} (You found it on level 10 of the Dungeon)
  9863 | D:10     | Found a staircase to the Lair.
  9992 | D:11     | Found Wuppiciv's Armour Emporium.
 10059 | D:11     | Found a deep blue altar of Sif Muna.
 10070 | D:11     | Reached skill level 13 in Long Blades
 10156 | D:11     | Received a gift from Okawaru
 10402 | D:11     | Reached skill level 10 in Fighting
 10468 | D:11     | Found a frozen archway.
 10470 | D:11     | Noticed an ice dragon
 10506 | D:11     | Killed an ice dragon
 10539 | IceCv    | Entered an ice cave
 10563 | IceCv    | Reached XP level 12. HP: 25/106 MP: 10/12
 11130 | IceCv    | Reached skill level 14 in Long Blades
 12288 | D:12     | Found a runed door.
 12335 | D:12     | Noticed a centaur warrior
 12361 | D:12     | Killed a centaur warrior
 12489 | D:12     | Noticed a two-headed ogre
 12489 | D:12     | Noticed a tengu warrior
 12504 | D:12     | Received a gift from Okawaru
 12512 | D:12     | Killed a tengu warrior
 12517 | D:12     | Killed a two-headed ogre
 12711 | D:12     | Noticed a fire giant
 12722 | D:12     | HP: 4/110 [fire giant/bolt of fire (31)]
 12726 | D:12     | Killed a fire giant
 12746 | D:12     | Killed from afar by a manticore

Skill      XL: |  1  2  3  4  5  6  7  8  9 10 11 12 |
---------------+-------------------------------------+-----
Shields        | 4 5 6 7 9 10 11 13 | 13.7
Armour         | 4 5 6 7 8 9 10 11 | 11.1
Fighting       | 4 5 6 7 8 10 11 | 11.3
Long Blades    | 3 4 5 7 9 10 12 13 14 | 14.6
Dodging        | 1 2 3 4 |  4.2
Stealth        | 1 |  1.5
Evocations     | 1 |  1.5
Invocations    | 1 |  1.8
Throwing       | 1 |  1.0

Action                   |  1- 3 |  4- 6 |  7- 9 | 10-12 || total
-------------------------+-------+-------+-------+-------++-------
Melee: Long sword        |    99 |    78 |   468 |   836 ||  1481
       Headbutt          |    18 |    14 |   111 |   205 ||   348
Throw: Tomahawk          |       |       |       |     1 ||     1
Invok: Heroism           |       |       |     3 |    19 ||    22
Evoke: Wand              |       |       |     2 |    10 ||    12
  Use: Potion            |       |     1 |     2 |     5 ||     8
       Scroll            |       |       |    13 |    11 ||    24
 Stab: Distracted        |       |       |       |     1 ||     1
  Eat: Chunk             |     1 |     4 |    12 |    14 ||    31
       Ration            |       |       |     1 |     2 ||     3
Armor: Scale mail        |    11 |       |       |       ||    11
       Chain mail        |    52 |    45 |   114 |       ||   211
       Plate armour      |       |       |   128 |   366 ||   494
       Skin              |       |       |     1 |       ||     1
Dodge: Dodged            |    26 |    14 |   116 |   240 ||   396
Block: Shield            |    61 |    54 |   305 |   530 ||   950
       Rpst.: Long sword |     6 |     4 |    40 |    65 ||   115
